Eagles vs Icehogs

Created - May 23, 2022 at 20:06

Goals
1 2 3 T
Eagles 0 0 1 1
Icehogs 0 1 3 4
Shots
1 2 3 T
Eagles 3 5 14 22
Icehogs 10 10 13 33

1st period

No Goal

Penalties :
Petter Granberg (Roc) for Hooking (Minor) at 14:46, Tyler Motte (Col) for Cross-checking (Minor) at 18:43

2nd period

1. Icehogs , Nikita Scherbak 6 (Myles Bell 7, Patrick Sieloff 6) at 13:17

Penalties :
Matteson Iacopelli (Col) for Roughing (Minor) at 5:32, Kevin Fiala (Roc) for Hooking (Minor) at 15:40

3rd period

2. Eagles , Matteson Iacopelli 17 (Daniel Carr 39, Stefan Elliott 44) at 0:18
3. Icehogs , Andrew Mangiapane 12 (Frederik Gauthier 38, Petter Granberg 33) at 13:40
4. Icehogs , Frederik Gauthier 26 (Petter Granberg 34, Mike Amadio 25) at 14:44
5. Icehogs , Frederik Gauthier 27 (Petter Granberg 35, Andrew Mangiapane 21) at 19:30 (PP)

Penalties :
Zach Aston-Reese (Col) for Roughing (Double Minor) at 1:23, Tyler Motte (Col) for Hooking (Minor) at 19:07, Ben Harpur (Roc) for Unsportsmanlike conduct (Minor) at 19:38

Goalie Stats

Marek Mazanek (Col), 29 saves from 33 shots - (0.879), L, 31-15-5, 60:00 minutes
Joe Cannata (Roc), 21 saves from 22 shots - (0.955), W, 26-21-2, 60:00 minutes

Players Stats for Eagles

Player Name              G  A  P  +/- PIM S  H  SB GA TA FO     MP     PP MP  PK MP  
------------------------------------------------------------------------------------
Anthony Duclair          0  0  0   0  0   5  1  0  2  0  1/1    19:46   1:43   2:49 
Chris Calhan             0  0  0   0  0   1  2  0  0  0  0/0    17:37   1:43   0:40 
Connor Carrick           0  0  0   0  0   0  1  3  0  0  0/0    18:57   2:11   3:03 
Daniel Carr              0  1  1  -1  0   1  0  2  4  2  4/7    24:24   2:18   4:30 
Jarred Tinordi           0  0  0  -1  0   2  0  2  0  1  0/0    25:20   2:19   4:53 
John Ramage              0  0  0   0  0   0  0  0  0  1  0/0    18:43   2:11   3:03 
Jonathan Marchessault    0  0  0  -1  0   4  2  1  1  0  12/28  24:32   2:18   4:30 
Jonathan Racine          0  0  0   0  0   0  2  1  0  1  0/0    10:32   0:00   0:24 
Keaton Middleton         0  0  0  -1  0   0  0  0  0  0  0/0     5:40   0:00   0:00 
Mark Friedman            0  0  0  -1  0   0  0  0  0  0  0/0     5:40   0:00   0:00 
Matteson Iacopelli       1  0  1  -1  2   1  0  1  0  1  0/2    19:04   2:22   0:00 
Max Lajoie               0  0  0   0  0   0  0  0  0  0  0/0     0:00   0:00   0:00 
Michael Dal Colle        0  0  0  -1  0   0  0  1  0  0  1/1    14:20   0:00   1:42 
Pius Suter               0  0  0   0  0   0  1  1  0  0  1/5    14:44   0:00   0:00 
Sam Steel                0  0  0  -1  0   0  0  0  0  0  0/0     3:58   0:21   0:12 
Stefan Elliott           0  1  1  -1  0   6  1  3  2  2  0/0    24:28   2:08   4:47 
Tyler Motte              0  0  0  -1  4   0  0  1  0  0  2/3    14:24   0:18   1:13 
Xavier Ouellet           0  0  0   0  0   0  0  1  0  0  0/0    11:09   0:00   0:30 
Zach Aston-Reese         0  0  0   0  4   2  1  1  0  0  5/7    18:18   1:43   1:04 

Players Stats for Icehogs

Player Name              G  A  P  +/- PIM S  H  SB GA TA FO     MP     PP MP  PK MP  
------------------------------------------------------------------------------------
Andrew Mangiapane        1  1  2   1  0   3  5  0  0  0  1/2    21:30   4:00   2:15 
Ben Harpur               0  0  0   1  2   1  2  1  1  2  0/0    25:28   4:48   2:17 
Curtis Lazar             0  0  0   0  0   4  2  0  0  0  0/0    15:04   3:12   0:00 
Dillon Dube              0  0  0   1  0   0  0  0  0  0  3/4     8:57   0:00   0:00 
Frederik Gauthier        2  1  3   1  0   5  1  0  1  1  18/34  21:46   4:08   2:21 
Julius Honka             0  0  0   1  0   1  0  1  1  0  0/0    13:27   0:31   0:21 
Kevin Fiala              0  0  0   0  2   1  0  1  0  0  0/0    11:37   1:00   0:00 
Mattias Janmark          0  0  0   0  0   0  1  0  0  0  0/0    13:49   1:08   1:24 
Michael Chaput           0  0  0   0  0   4  2  0  0  1  4/8    16:39   3:12   1:35 
Mike Amadio              0  1  1   1  0   1  2  0  0  0  0/0    19:23   4:08   0:00 
Mike Reilly              0  0  0   0  0   2  1  0  1  0  0/0    21:42   3:01   2:19 
Mikhail Grigorenko       0  0  0   0  0   2  1  0  1  0  0/0    15:44   3:12   0:40 
Myles Bell               0  1  1   1  0   2  0  0  1  0  0/0     8:57   0:00   0:00 
Nick Mattson             0  0  0   0  0   0  2  1  1  2  0/0    21:00   3:01   1:37 
Nick Paul                0  0  0   0  0   0  0  0  0  0  0/0     0:00   0:00   0:00 
Nikita Scherbak          1  0  1   1  0   2  0  1  0  0  0/0     8:57   0:00   0:00 
Patrick Sieloff          0  1  1   1  0   1  0  1  0  1  0/0    13:45   0:31   0:39 
Petter Granberg          0  3  3   1  2   3  0  1  0  1  0/0    25:15   4:48   1:25 
Tanner Richard           0  0  0   0  0   1  1  0  1  1  2/6    12:38   1:00   0:23 

3 Stars

1 - Frederik Gauthier (Roc)
2 - Andrew Mangiapane (Roc)
3 - Petter Granberg (Roc)

Power Play

Eagles - 0 on 3 Attempt(s) - 0.00%
Icehogs - 1 on 5 Attempt(s) - 20.00%

Penalty Kill

Eagles - 4 on 5 Attempt(s) - 80.00% - Score 0 goal in Penalty Kill
Icehogs - 3 on 3 Attempt(s) - 100.00% - Score 0 goal in Penalty Kill

Team Stat

Eagles - Hits : 11 - Faceoff Wins : 26 - Blocked Shots : 18 - Penalty Minutes : 10
Icehogs - Hits : 20 - Faceoff Wins : 28 - Blocked Shots : 7 - Penalty Minutes : 6

Official

Referees : Ghislain Hebert and Mitch Dunning
Linesman : Trent Knorr and Brad Kovachik

Game Notes

No Game Note

Finance

Level 1 -- Attendance: 1976 (98.80%) -- Ticket Income $69,160
Level 2 -- Attendance: 986 (98.60%) -- Ticket Income $14,790
Total Attendance: 2962 (98.73%)
Total Ticket Income: $83,950
Other Income: $4,198
Total Income: $88,148

Eagles

5 vs 5 Forward 
   Center                   Left Wing                Right Wing               Time % Phy DF OF 
 1 Jonathan Marchessault    Daniel Carr              Matteson Iacopelli       40     1   2  2  
 2 Zach Aston-Reese         Anthony Duclair          Chris Calhan             30     1   2  2  
 3 Tyler Motte              Michael Dal Colle        Pius Suter               20     1   2  2  
 4 Pius Suter               Daniel Carr              Jonathan Marchessault    10     1   2  2  

5 vs 5 Defense 
   Defense                  Defense                                           Time % Phy DF OF 
 1 Stefan Elliott           Jarred Tinordi                                    40     1   2  2  
 2 John Ramage              Connor Carrick                                    30     1   2  2  
 3 Xavier Ouellet           Jonathan Racine                                   20     1   2  2  
 4 Mark Friedman            Keaton Middleton                                  10     1   2  2  

PowerPlay Forward 
   Center                   Left Wing                Right Wing               Time % Phy DF OF 
 1 Jonathan Marchessault    Daniel Carr              Matteson Iacopelli       60     1   2  2  
 2 Zach Aston-Reese         Anthony Duclair          Chris Calhan             40     1   2  2  

PowerPlay Defense
   Defense                  Defense                                           Time % Phy DF OF 
 1 Stefan Elliott           Jarred Tinordi                                    60     1   2  2  
 2 John Ramage              Connor Carrick                                    40     1   2  2  

Penalty Kill 4 Players Forward 
   Center                   Wing                     Time % Phy DF OF 
 1 Daniel Carr              Jonathan Marchessault    60     1   2  2  
 2 Anthony Duclair          Zach Aston-Reese         40     1   2  2  

Penalty Kill 4 Players Defense
   Defense                  Defense                  Time % Phy DF OF 
 1 Stefan Elliott           Jarred Tinordi           60     1   2  2  
 2 John Ramage              Connor Carrick           40     1   2  2  

Penalty Kill - 3 Players Forward 
   Forward                                           Time % Phy DF OF 
 1 Daniel Carr                                       60     1   2  2  
 2 Jonathan Marchessault                             40     1   2  2  

Penalty Kill - 3 Players Defense
   Defense                  Defense                  Time % Phy DF OF 
 1 Stefan Elliott           Jarred Tinordi           60     1   2  2  
 2 John Ramage              Connor Carrick           40     1   2  2  

4 vs 4 Forward 
   Center                   Wing                     Time % Phy DF OF 
 1 Daniel Carr              Jonathan Marchessault    60     1   2  2  
 2 Anthony Duclair          Zach Aston-Reese         40     1   2  2  

4 vs 4 Defense
   Defense                  Defense                  Time % Phy DF OF 
 1 Stefan Elliott           Jarred Tinordi           60     1   2  2  
 2 John Ramage              Connor Carrick           40     1   2  2  

Last Minutes Offensive
   Center                   Left Wing                Right Wing               Defense                  Defense                  
   Jonathan Marchessault    Daniel Carr              Matteson Iacopelli       Stefan Elliott           Jarred Tinordi           

Last Minutes Defensive
   Center                   Left Wing                Right Wing               Defense                  Defense                  
   Jonathan Marchessault    Daniel Carr              Matteson Iacopelli       Stefan Elliott           Jarred Tinordi           

Goaltenders
Starting : Marek Mazanek            
Backup : Antoine Bibeau           

Extra Forwards
Normal : Sam Steel, Tyler Motte, Michael Dal Colle - PP : Sam Steel, Tyler Motte - PK : Michael Dal Colle
Extra Defensemen
Normal : Max Lajoie, Xavier Ouellet, Jonathan Racine - PP : Max Lajoie - PK : Xavier Ouellet, Jonathan Racine
Penalty Shots
Daniel Carr, Jonathan Marchessault, Anthony Duclair, Zach Aston-Reese, Tyler Motte

Scratches
Dominik Kubalik (Healthy), Drake Caggiula (Healthy), Jared McCann (Healthy), Joseph Blandisi (Healthy), Nick Cousins (Healthy)
Ryan Murphy (Healthy), Tomas Tatar (Sprained Right Knee Injury), Pascal Laberge (Healthy), Adin Hill (Healthy)

Icehogs

5 vs 5 Forward 
   Center                   Left Wing                Right Wing               Time % Phy DF OF 
 1 Frederik Gauthier        Andrew Mangiapane        Mike Amadio              40     1   2  2  
 2 Michael Chaput           Mikhail Grigorenko       Curtis Lazar             30     1   2  2  
 3 Tanner Richard           Mattias Janmark          Kevin Fiala              20     1   2  2  
 4 Dillon Dube              Myles Bell               Nikita Scherbak          10     1   2  2  

5 vs 5 Defense 
   Defense                  Defense                                           Time % Phy DF OF 
 1 Petter Granberg          Ben Harpur                                        40     1   2  2  
 2 Nick Mattson             Mike Reilly                                       30     1   2  2  
 3 Patrick Sieloff          Julius Honka                                      20     1   2  2  
 4 Petter Granberg          Ben Harpur                                        10     1   2  2  

PowerPlay Forward 
   Center                   Left Wing                Right Wing               Time % Phy DF OF 
 1 Frederik Gauthier        Andrew Mangiapane        Mike Amadio              60     1   2  2  
 2 Michael Chaput           Mikhail Grigorenko       Curtis Lazar             40     1   2  2  

PowerPlay Defense
   Defense                  Defense                                           Time % Phy DF OF 
 1 Petter Granberg          Ben Harpur                                        60     1   2  2  
 2 Nick Mattson             Mike Reilly                                       40     1   2  2  

Penalty Kill 4 Players Forward 
   Center                   Wing                     Time % Phy DF OF 
 1 Frederik Gauthier        Andrew Mangiapane        60     1   2  2  
 2 Michael Chaput           Mikhail Grigorenko       40     1   2  2  

Penalty Kill 4 Players Defense
   Defense                  Defense                  Time % Phy DF OF 
 1 Petter Granberg          Ben Harpur               60     1   2  2  
 2 Nick Mattson             Mike Reilly              40     1   2  2  

Penalty Kill - 3 Players Forward 
   Forward                                           Time % Phy DF OF 
 1 Frederik Gauthier                                 60     1   2  2  
 2 Michael Chaput                                    40     1   2  2  

Penalty Kill - 3 Players Defense
   Defense                  Defense                  Time % Phy DF OF 
 1 Petter Granberg          Ben Harpur               60     1   2  2  
 2 Nick Mattson             Mike Reilly              40     1   2  2  

4 vs 4 Forward 
   Center                   Wing                     Time % Phy DF OF 
 1 Frederik Gauthier        Andrew Mangiapane        60     1   2  2  
 2 Michael Chaput           Mikhail Grigorenko       40     1   2  2  

4 vs 4 Defense
   Defense                  Defense                  Time % Phy DF OF 
 1 Petter Granberg          Ben Harpur               60     1   2  2  
 2 Nick Mattson             Mike Reilly              40     1   2  2  

Last Minutes Offensive
   Center                   Left Wing                Right Wing               Defense                  Defense                  
   Frederik Gauthier        Andrew Mangiapane        Mike Amadio              Petter Granberg          Ben Harpur               

Last Minutes Defensive
   Center                   Left Wing                Right Wing               Defense                  Defense                  
   Frederik Gauthier        Andrew Mangiapane        Mike Amadio              Petter Granberg          Ben Harpur               

Goaltenders
Starting : Joe Cannata              
Backup : Mackenzie Blackwood      

Extra Forwards
Normal : Andrew Mangiapane, Curtis Lazar, Mikhail Grigorenko - PP : Andrew Mangiapane, Curtis Lazar - PK : Andrew Mangiapane
Extra Defensemen
Normal : Mike Reilly, Patrick Sieloff, Julius Honka - PP : Mike Reilly - PK : Mike Reilly, Patrick Sieloff
Penalty Shots
Frederik Gauthier, Mike Amadio, Michael Chaput, Tanner Richard, Andrew Mangiapane

Scratches
Calle Andersson (Healthy), Clark Bishop (Healthy), Duncan Siemens (Healthy), JJ. Piccinich (Healthy), Kurtis Gabriel (Healthy)
Patrick Russell (Healthy), Ross Johnston (Healthy), Stefan Matteau (Healthy), Zach Whitecloud (Healthy), Jeremy Davies (Healthy)
Jackson Cates (Healthy), Michael Giugovaz (Healthy), Jack LaFontaine (Healthy)

% Time on Ice - Eagles

Lines # - Real PCT - Wanted PCT - Time Play
Normal Forward
1 - 36% - 40% - 17:00
2 - 32% - 30% - 15:09
3 - 27% - 20% - 12:34
4 - 6% - 10% - 2:38
Normal Defense
1 - 38% - 40% - 18:04
2 - 28% - 30% - 13:29
3 - 21% - 20% - 10:08
4 - 12% - 10% - 5:40
PP Forward
1 - 60% - 60% - 2:36
2 - 40% - 40% - 1:43
PP Defense
1 - 49% - 60% - 2:08
2 - 51% - 40% - 2:11
PK Forward
1 - 78% - 60% - 6:28
2 - 22% - 40% - 1:52
PK Defense
1 - 63% - 60% - 5:17
2 - 37% - 40% - 3:03
PK3 Forward
1 - 0% - 60%
2 - 0% - 40%
PK3 Defense
1 - 0% - 60%
2 - 0% - 40%
44 Forward
1 - 0% - 60%
2 - 0% - 40%
44 Defense
1 - 0% - 60%
2 - 0% - 40%
Last Minute Offensive  - 0:00
Last Minute Defensive  - 0:00
Total
Forward - 60:00
Defense - 60:00

% Time on Ice - Icehogs

Lines # - Real PCT - Wanted PCT - Time Play
Normal Forward
1 - 34% - 40% - 15:56
2 - 25% - 30% - 11:52
3 - 22% - 20% - 10:36
4 - 19% - 10% - 8:57
Normal Defense
1 - 39% - 40% - 18:41
2 - 35% - 30% - 16:22
3 - 24% - 20% - 11:31
4 - 2% - 10% - 0:47
PP Forward
1 - 62% - 60% - 5:08
2 - 38% - 40% - 3:12
PP Defense
1 - 64% - 60% - 5:19
2 - 36% - 40% - 3:01
PK Forward
1 - 85% - 60% - 3:39
2 - 15% - 40% - 0:40
PK Defense
1 - 69% - 60% - 2:59
2 - 31% - 40% - 1:20
PK3 Forward
1 - 0% - 60%
2 - 0% - 40%
PK3 Defense
1 - 0% - 60%
2 - 0% - 40%
44 Forward
1 - 0% - 60%
2 - 0% - 40%
44 Defense
1 - 0% - 60%
2 - 0% - 40%
Last Minute Offensive  - 0:00
Last Minute Defensive  - 0:00
Total
Forward - 60:00
Defense - 60:00

Play-by-Play

1st period


0:01 of 1st period - Frederik Gauthier wins face-off versus Jonathan Marchessault in neutral zone.
0:06 of 1st period - Jarred Tinordi is hit by Andrew Mangiapane and loses puck.
0:13 of 1st period - Snap shot by Ben Harpur.
0:13 of 1st period - Stopped by Marek Mazanek with a rebound.
0:15 of 1st period - Wrist shot by Mike Amadio.
0:15 of 1st period - Shot Blocked by Stefan Elliott.
0:17 of 1st period - Slapshot by Ben Harpur.
0:17 of 1st period - Shot Blocked by Stefan Elliott.
0:27 of 1st period - Curtis Lazar is hit by Zach Aston-Reese.
0:31 of 1st period - Zach Aston-Reese is hit by Curtis Lazar and loses puck.
2:00 of 1st period - Snap shot by Anthony Duclair.
2:00 of 1st period - Shot Misses the Net.
2:22 of 1st period - Slapshot by Michael Dal Colle.
2:22 of 1st period - Shot Blocked by Patrick Sieloff.
2:54 of 1st period - John Ramage is hit by Ben Harpur and loses puck.
3:37 of 1st period - Ben Harpur is hit by Jonathan Racine and loses puck.
4:19 of 1st period - Mike Reilly is hit by Jonathan Marchessault and loses puck.
4:27 of 1st period - Icing by Mike Reilly.
4:28 of 1st period - Tyler Motte wins face-off versus Tanner Richard in Icehogs zone.
5:54 of 1st period - Snap shot by Michael Chaput.
5:54 of 1st period - Stopped by Marek Mazanek with a rebound.
5:56 of 1st period - Slapshot by Petter Granberg.
5:56 of 1st period - Shot Blocked by Xavier Ouellet.
6:11 of 1st period - Snap shot by Frederik Gauthier.
6:11 of 1st period - Stopped by Marek Mazanek with a rebound.
6:54 of 1st period - Pius Suter is hit by Mikhail Grigorenko and loses puck.
7:12 of 1st period - Keaton Middleton is hit by Andrew Mangiapane and loses puck.
8:13 of 1st period - Tyler Motte is hit by Andrew Mangiapane.
8:49 of 1st period - Frederik Gauthier is hit by Chris Calhan and loses puck.
9:25 of 1st period - Wrist shot by Myles Bell.
9:25 of 1st period - Stopped by Marek Mazanek without a rebound.
9:26 of 1st period - Jonathan Marchessault wins face-off versus Frederik Gauthier in Eagles zone.
9:39 of 1st period - Snap shot by Frederik Gauthier.
9:39 of 1st period - Stopped by Marek Mazanek without a rebound.
9:40 of 1st period - Daniel Carr wins face-off versus Frederik Gauthier in Eagles zone.
9:42 of 1st period - Icing by Jonathan Marchessault.
9:43 of 1st period - Frederik Gauthier wins face-off versus Jonathan Marchessault in Eagles zone.
10:04 of 1st period - Snap shot by Anthony Duclair.
10:04 of 1st period - Stopped by Joe Cannata without a rebound.
10:05 of 1st period - Zach Aston-Reese wins face-off versus Michael Chaput in Icehogs zone.
10:08 of 1st period - Snap shot by Chris Calhan.
10:08 of 1st period - Shot Misses the Net.
10:20 of 1st period - Wrist shot by Mikhail Grigorenko.
10:20 of 1st period - Shot Blocked by Zach Aston-Reese.
10:28 of 1st period - Petter Granberg is hit by Anthony Duclair and loses puck.
10:37 of 1st period - Wrist shot by Zach Aston-Reese.
10:37 of 1st period - Shot Misses the Net.
10:39 of 1st period - Snap shot by Zach Aston-Reese.
10:39 of 1st period - Shot Hit the Post.
11:05 of 1st period - Snap shot by Matteson Iacopelli.
11:05 of 1st period - Shot Blocked by Kevin Fiala.
11:17 of 1st period - Wrist shot by Curtis Lazar.
11:17 of 1st period - Stopped by Marek Mazanek with a rebound.
11:19 of 1st period - Snap shot by Mikhail Grigorenko.
11:19 of 1st period - Deflect By Pius Suter.
11:19 of 1st period - Shot Misses the Net.
11:19 of 1st period - Puck is out of play.
11:20 of 1st period - Michael Chaput wins face-off versus Pius Suter in Eagles zone.
11:46 of 1st period - Patrick Sieloff is hit by Jonathan Racine and loses puck.
12:18 of 1st period - Slapshot by Curtis Lazar.
12:18 of 1st period - Shot Misses the Net.
12:20 of 1st period - Wrist shot by Michael Chaput.
12:20 of 1st period - Stopped by Marek Mazanek without a rebound.
12:21 of 1st period - Frederik Gauthier wins face-off versus Jonathan Marchessault in Eagles zone.
12:32 of 1st period - Slapshot by Andrew Mangiapane.
12:32 of 1st period - Shot Blocked by Daniel Carr.
12:34 of 1st period - Slapshot by Mike Amadio.
12:34 of 1st period - Stopped by Marek Mazanek without a rebound.
12:35 of 1st period - Frederik Gauthier wins face-off versus Jonathan Marchessault in Eagles zone.
13:35 of 1st period - Slapshot by Nikita Scherbak.
13:35 of 1st period - Shot Blocked by Michael Dal Colle.
13:45 of 1st period - Tyler Motte is hit by Mike Amadio and loses puck.
13:52 of 1st period - Snap shot by Andrew Mangiapane.
13:52 of 1st period - Shot Misses the Net.
14:10 of 1st period - Snap shot by Mikhail Grigorenko.
14:10 of 1st period - Shot Misses the Net.
14:12 of 1st period - Backhand shot by Ben Harpur.
14:12 of 1st period - Shot Blocked by Connor Carrick.
14:24 of 1st period - Wrist shot by Anthony Duclair.
14:24 of 1st period - Shot Blocked by Nick Mattson.
14:30 of 1st period - Wrist shot by Zach Aston-Reese.
14:30 of 1st period - Stopped by Joe Cannata without a rebound.
14:31 of 1st period - Zach Aston-Reese wins face-off versus Frederik Gauthier in Icehogs zone.
14:36 of 1st period - Stefan Elliott is hit by Mike Amadio and loses puck.
14:46 of 1st period - Minor Penalty to Petter Granberg for Hooking.
14:47 of 1st period - Frederik Gauthier wins face-off versus Matteson Iacopelli in Icehogs zone.
16:46 of 1st period - Penalty to Petter Granberg is over, Petter Granberg is back on ice.
17:14 of 1st period - Slapshot by Petter Granberg.
17:14 of 1st period - Shot Blocked by Pius Suter.
17:30 of 1st period - Wrist shot by Myles Bell.
17:30 of 1st period - Stopped by Marek Mazanek without a rebound.
17:31 of 1st period - Dillon Dube wins face-off versus Pius Suter in Eagles zone.
17:34 of 1st period - Snap shot by Mike Reilly.
17:34 of 1st period - Stopped by Marek Mazanek with a rebound.
18:43 of 1st period - Minor Penalty to Tyler Motte for Cross-checking.
18:44 of 1st period - Andrew Mangiapane wins face-off versus Daniel Carr in Eagles zone.
19:18 of 1st period - Snap shot by Mikhail Grigorenko.
19:18 of 1st period - Shot Blocked by Stefan Elliott.
19:20 of 1st period - Wrist shot by Petter Granberg.
19:20 of 1st period - Shot Blocked by Daniel Carr.
19:34 of 1st period - Snap shot by Anthony Duclair.
19:34 of 1st period - Stopped by Joe Cannata with a rebound.
Goals for this period are 0 for Eagles vs 0 for Icehogs.
Shots for this period are 3 for Eagles vs 10 for Icehogs.

2nd period


0:01 of 2nd period - Daniel Carr wins face-off versus Frederik Gauthier in neutral zone.
0:14 of 2nd period - Snap shot by Mike Amadio.
0:14 of 2nd period - Shot Misses the Net.
0:26 of 2nd period - Stefan Elliott is hit by Michael Chaput and loses puck.
0:35 of 2nd period - Snap shot by Curtis Lazar.
0:35 of 2nd period - Shot Misses the Net.
0:43 of 2nd period - Penalty to Tyler Motte is over, Tyler Motte is back on ice.
1:04 of 2nd period - Pius Suter is hit by Tanner Richard and loses puck.
1:19 of 2nd period - Wrist shot by Anthony Duclair.
1:19 of 2nd period - Shot Blocked by Julius Honka.
1:35 of 2nd period - Wrist shot by Stefan Elliott.
1:35 of 2nd period - Stopped by Joe Cannata with a rebound.
2:13 of 2nd period - Backhand shot by Tanner Richard.
2:13 of 2nd period - Shot Misses the Net.
2:41 of 2nd period - Wrist shot by Mikhail Grigorenko.
2:41 of 2nd period - Stopped by Marek Mazanek with a rebound.
2:45 of 2nd period - Snap shot by Michael Chaput.
2:45 of 2nd period - Deflect By Daniel Carr.
2:45 of 2nd period - Shot Misses the Net.
2:45 of 2nd period - Puck is out of play.
2:46 of 2nd period - Michael Chaput wins face-off versus Jonathan Marchessault in Eagles zone.
3:03 of 2nd period - Snap shot by Anthony Duclair.
3:03 of 2nd period - Stopped by Joe Cannata with a rebound.
3:06 of 2nd period - Icing by Ben Harpur.
3:07 of 2nd period - Zach Aston-Reese wins face-off versus Michael Chaput in Icehogs zone.
3:16 of 2nd period - Wrist shot by Anthony Duclair.
3:16 of 2nd period - Stopped by Joe Cannata with a rebound.
3:24 of 2nd period - Chris Calhan is hit by Michael Chaput and loses puck.
3:33 of 2nd period - Wrist shot by Michael Chaput.
3:33 of 2nd period - Stopped by Marek Mazanek with a rebound.
3:35 of 2nd period - Wrist shot by Curtis Lazar.
3:35 of 2nd period - Stopped by Marek Mazanek with a rebound.
3:37 of 2nd period - Slapshot by Curtis Lazar.
3:37 of 2nd period - Stopped by Marek Mazanek without a rebound.
3:38 of 2nd period - Jonathan Marchessault wins face-off versus Frederik Gauthier in Eagles zone.
3:40 of 2nd period - Icing by Jarred Tinordi.
3:41 of 2nd period - Frederik Gauthier wins face-off versus Jonathan Marchessault in Eagles zone.
3:44 of 2nd period - Snap shot by Mike Amadio.
3:44 of 2nd period - Shot Misses the Net.
3:46 of 2nd period - Slapshot by Mike Reilly.
3:46 of 2nd period - Shot Misses the Net.
4:06 of 2nd period - Slapshot by Kevin Fiala.
4:06 of 2nd period - Shot Misses the Net.
5:22 of 2nd period - Icing by Dillon Dube.
5:23 of 2nd period - Dillon Dube wins face-off versus Jonathan Marchessault in Icehogs zone.
5:29 of 2nd period - Off-side.
5:30 of 2nd period - Jonathan Marchessault wins face-off versus Frederik Gauthier in neutral zone.
5:32 of 2nd period - Minor Penalty to Matteson Iacopelli for Roughing.
5:33 of 2nd period - Daniel Carr wins face-off versus Frederik Gauthier in Eagles zone.
7:32 of 2nd period - Penalty to Matteson Iacopelli is over, Matteson Iacopelli is back on ice.
7:40 of 2nd period - Matteson Iacopelli is hit by Ben Harpur and loses puck.
7:47 of 2nd period - Wrist shot by Tanner Richard.
7:47 of 2nd period - Stopped by Marek Mazanek with a rebound.
7:49 of 2nd period - Slapshot by Julius Honka.
7:49 of 2nd period - Shot Blocked by Jarred Tinordi.
8:22 of 2nd period - Icing by Xavier Ouellet.
8:23 of 2nd period - Zach Aston-Reese wins face-off versus Tanner Richard in Eagles zone.
8:38 of 2nd period - Wrist shot by Tanner Richard.
8:38 of 2nd period - Shot Blocked by Tyler Motte.
10:04 of 2nd period - Wrist shot by Curtis Lazar.
10:04 of 2nd period - Shot Misses the Net.
11:24 of 2nd period - Slapshot by Petter Granberg.
11:24 of 2nd period - Shot Misses the Net.
13:13 of 2nd period - Wrist shot by Nikita Scherbak.
13:13 of 2nd period - Stopped by Marek Mazanek with a rebound.
13:15 of 2nd period - Slapshot by Patrick Sieloff.
13:15 of 2nd period - Stopped by Marek Mazanek with a rebound.
13:17 of 2nd period - Snap shot by Myles Bell.
13:17 of 2nd period - Deflect By Nikita Scherbak.
13:17 of 2nd period - Goal by Nikita Scherbak - Eagles : 0 - Icehogs : 1.
13:18 of 2nd period - Frederik Gauthier wins face-off versus Jonathan Marchessault in neutral zone.
13:44 of 2nd period - Slapshot by Anthony Duclair.
13:44 of 2nd period - Shot Blocked by Petter Granberg.
14:25 of 2nd period - Jonathan Marchessault is hit by Frederik Gauthier and loses puck.
14:34 of 2nd period - Slapshot by Nick Mattson.
14:34 of 2nd period - Shot Misses the Net.
14:44 of 2nd period - Dillon Dube is hit by Chris Calhan and loses puck.
15:11 of 2nd period - Snap shot by Mikhail Grigorenko.
15:11 of 2nd period - Stopped by Marek Mazanek with a rebound.
15:13 of 2nd period - Wrist shot by Mike Reilly.
15:13 of 2nd period - Stopped by Marek Mazanek with a rebound.
15:40 of 2nd period - Minor Penalty to Kevin Fiala for Hooking.
15:41 of 2nd period - Frederik Gauthier wins face-off versus Jonathan Marchessault in Icehogs zone.
15:41 of 2nd period - Frederik Gauthier is hit by Connor Carrick.
16:15 of 2nd period - Slapshot by Jarred Tinordi.
16:15 of 2nd period - Stopped by Joe Cannata with a rebound.
17:40 of 2nd period - Penalty to Kevin Fiala is over, Kevin Fiala is back on ice.
19:46 of 2nd period - Icing by Frederik Gauthier.
19:47 of 2nd period - Jonathan Marchessault wins face-off versus Dillon Dube in Icehogs zone.
19:50 of 2nd period - Wrist shot by Jonathan Marchessault.
19:50 of 2nd period - Stopped by Joe Cannata with a rebound.
Goals for this period are 0 for Eagles vs 1 for Icehogs.
Shots for this period are 5 for Eagles vs 10 for Icehogs.

3rd period


0:01 of 3rd period - Jonathan Marchessault wins face-off versus Andrew Mangiapane in neutral zone.
0:10 of 3rd period - Snap shot by Jonathan Marchessault.
0:10 of 3rd period - Stopped by Joe Cannata without a rebound.
0:11 of 3rd period - Jonathan Marchessault wins face-off versus Frederik Gauthier in Icehogs zone.
0:12 of 3rd period - Backhand shot by Stefan Elliott.
0:12 of 3rd period - Deflect By Petter Granberg.
0:12 of 3rd period - Stopped by Joe Cannata with a rebound.
0:14 of 3rd period - Backhand shot by Matteson Iacopelli.
0:14 of 3rd period - Shot Misses the Net.
0:16 of 3rd period - Slapshot by Daniel Carr.
0:16 of 3rd period - Stopped by Joe Cannata with a rebound.
0:18 of 3rd period - Snap shot by Matteson Iacopelli.
0:18 of 3rd period - Goal by Matteson Iacopelli - Eagles : 1 - Icehogs : 1.
0:19 of 3rd period - Jonathan Marchessault wins face-off versus Frederik Gauthier in neutral zone.
0:22 of 3rd period - Slapshot by Stefan Elliott.
0:22 of 3rd period - Deflect By Daniel Carr.
0:22 of 3rd period - Shot Misses the Net.
0:22 of 3rd period - Puck is out of play.
0:23 of 3rd period - Jonathan Marchessault wins face-off versus Frederik Gauthier in Icehogs zone.
0:58 of 3rd period - Wrist shot by Michael Chaput.
0:58 of 3rd period - Stopped by Marek Mazanek without a rebound.
0:59 of 3rd period - Frederik Gauthier wins face-off versus Jonathan Marchessault in Eagles zone.
1:00 of 3rd period - Snap shot by Mike Amadio.
1:00 of 3rd period - Shot Blocked by Connor Carrick.
1:23 of 3rd period - Double Minor Penalty to Zach Aston-Reese for Roughing.
1:24 of 3rd period - Frederik Gauthier wins face-off versus Daniel Carr in Eagles zone.
1:40 of 3rd period - Slapshot by Frederik Gauthier.
1:40 of 3rd period - Shot Misses the Net.
4:40 of 3rd period - John Ramage is hit by Nick Mattson and loses puck.
5:23 of 3rd period - Penalty to Zach Aston-Reese is over, Zach Aston-Reese is back on ice.
5:35 of 3rd period - Snap shot by Zach Aston-Reese.
5:35 of 3rd period - Shot Misses the Net.
6:58 of 3rd period - Nick Mattson is hit by Pius Suter and loses puck.
7:33 of 3rd period - Julius Honka is hit by Jonathan Marchessault and loses puck.
8:44 of 3rd period - Tyler Motte is hit by Nick Mattson and loses puck.
8:57 of 3rd period - Jonathan Marchessault is hit by Mattias Janmark and loses puck.
9:24 of 3rd period - Matteson Iacopelli is hit by Curtis Lazar.
10:10 of 3rd period - Snap shot by Andrew Mangiapane.
10:10 of 3rd period - Stopped by Marek Mazanek without a rebound.
10:11 of 3rd period - Frederik Gauthier wins face-off versus Zach Aston-Reese in Eagles zone.
10:32 of 3rd period - Snap shot by Michael Chaput.
10:32 of 3rd period - Shot Blocked by Jonathan Racine.
10:34 of 3rd period - Snap shot by Curtis Lazar.
10:34 of 3rd period - Stopped by Marek Mazanek without a rebound.
10:35 of 3rd period - Tyler Motte wins face-off versus Michael Chaput in Eagles zone.
10:35 of 3rd period - Tyler Motte is hit by Mike Reilly.
10:57 of 3rd period - Wrist shot by Andrew Mangiapane.
10:57 of 3rd period - Stopped by Marek Mazanek without a rebound.
10:58 of 3rd period - Jonathan Marchessault wins face-off versus Frederik Gauthier in Eagles zone.
11:13 of 3rd period - Wrist shot by Frederik Gauthier.
11:13 of 3rd period - Stopped by Marek Mazanek without a rebound.
11:14 of 3rd period - Michael Chaput wins face-off versus Zach Aston-Reese in Eagles zone.
11:41 of 3rd period - Stefan Elliott is hit by Andrew Mangiapane and loses puck.
12:05 of 3rd period - Snap shot by Connor Carrick.
12:05 of 3rd period - Deflect By Tyler Motte.
12:05 of 3rd period - Shot Blocked by Ben Harpur.
12:05 of 3rd period - Puck is out of play.
12:06 of 3rd period - Jonathan Marchessault wins face-off versus Frederik Gauthier in Icehogs zone.
13:15 of 3rd period - Snap shot by Daniel Carr.
13:15 of 3rd period - Shot Blocked by Nikita Scherbak.
13:17 of 3rd period - Backhand shot by Jarred Tinordi.
13:17 of 3rd period - Deflect By Patrick Sieloff.
13:17 of 3rd period - Stopped by Joe Cannata without a rebound.
13:18 of 3rd period - Dillon Dube wins face-off versus Jonathan Marchessault in Icehogs zone.
13:26 of 3rd period - Slapshot by Stefan Elliott.
13:26 of 3rd period - Stopped by Joe Cannata without a rebound.
13:27 of 3rd period - Jonathan Marchessault wins face-off versus Frederik Gauthier in Icehogs zone.
13:32 of 3rd period - Wrist shot by Jonathan Marchessault.
13:32 of 3rd period - Stopped by Joe Cannata without a rebound.
13:33 of 3rd period - Frederik Gauthier wins face-off versus Jonathan Marchessault in Icehogs zone.
13:38 of 3rd period - Wrist shot by Frederik Gauthier.
13:38 of 3rd period - Shot Misses the Net.
13:40 of 3rd period - Snap shot by Andrew Mangiapane.
13:40 of 3rd period - Goal by Andrew Mangiapane - Eagles : 1 - Icehogs : 2.
13:41 of 3rd period - Frederik Gauthier wins face-off versus Jonathan Marchessault in neutral zone.
13:44 of 3rd period - Slapshot by Petter Granberg.
13:44 of 3rd period - Shot Blocked by Jonathan Marchessault.
13:46 of 3rd period - Slapshot by Frederik Gauthier.
13:46 of 3rd period - Shot Misses the Net.
13:48 of 3rd period - Slapshot by Frederik Gauthier.
13:48 of 3rd period - Shot Blocked by Jarred Tinordi.
13:50 of 3rd period - Slapshot by Petter Granberg.
13:50 of 3rd period - Stopped by Marek Mazanek without a rebound.
13:51 of 3rd period - Jonathan Marchessault wins face-off versus Frederik Gauthier in Eagles zone.
14:06 of 3rd period - Wrist shot by Mike Amadio.
14:06 of 3rd period - Shot Blocked by Matteson Iacopelli.
14:42 of 3rd period - Snap shot by Frederik Gauthier.
14:42 of 3rd period - Shot Misses the Net.
14:44 of 3rd period - Slapshot by Frederik Gauthier.
14:44 of 3rd period - Goal by Frederik Gauthier - Eagles : 1 - Icehogs : 3.
14:45 of 3rd period - Anthony Duclair wins face-off versus Michael Chaput in neutral zone.
14:50 of 3rd period - Backhand shot by Anthony Duclair.
14:50 of 3rd period - Shot Misses the Net.
15:24 of 3rd period - Off-side.
15:25 of 3rd period - Pius Suter wins face-off versus Tanner Richard in neutral zone.
15:28 of 3rd period - Slapshot by Stefan Elliott.
15:28 of 3rd period - Stopped by Joe Cannata without a rebound.
15:29 of 3rd period - Tanner Richard wins face-off versus Pius Suter in Icehogs zone.
15:38 of 3rd period - Snap shot by Daniel Carr.
15:38 of 3rd period - Shot Misses the Net.
15:54 of 3rd period - Snap shot by Stefan Elliott.
15:54 of 3rd period - Stopped by Joe Cannata with a rebound.
15:56 of 3rd period - Wrist shot by Anthony Duclair.
15:56 of 3rd period - Shot Misses the Net.
15:58 of 3rd period - Slapshot by Chris Calhan.
15:58 of 3rd period - Stopped by Joe Cannata with a rebound.
16:00 of 3rd period - Slapshot by Zach Aston-Reese.
16:00 of 3rd period - Stopped by Joe Cannata without a rebound.
16:01 of 3rd period - Zach Aston-Reese wins face-off versus Frederik Gauthier in Icehogs zone.
16:12 of 3rd period - Backhand shot by Anthony Duclair.
16:12 of 3rd period - Stopped by Joe Cannata without a rebound.
16:13 of 3rd period - Frederik Gauthier wins face-off versus Pius Suter in Icehogs zone.
16:13 of 3rd period - Frederik Gauthier is hit by Stefan Elliott.
16:29 of 3rd period - Slapshot by Stefan Elliott.
16:29 of 3rd period - Deflect By Jonathan Marchessault.
16:29 of 3rd period - Stopped by Joe Cannata with a rebound.
17:07 of 3rd period - Wrist shot by Mikhail Grigorenko.
17:07 of 3rd period - Shot Blocked by Connor Carrick.
17:32 of 3rd period - Off-side.
17:33 of 3rd period - Michael Chaput wins face-off versus Jonathan Marchessault in neutral zone.
17:41 of 3rd period - Wrist shot by Stefan Elliott.
17:41 of 3rd period - Stopped by Joe Cannata without a rebound.
17:42 of 3rd period - Tanner Richard wins face-off versus Tyler Motte in Icehogs zone.
18:11 of 3rd period - Icing by Matteson Iacopelli.
18:12 of 3rd period - Frederik Gauthier wins face-off versus Jonathan Marchessault in Eagles zone.
18:13 of 3rd period - Snap shot by Andrew Mangiapane.
18:13 of 3rd period - Shot Misses the Net.
18:41 of 3rd period - Snap shot by Kevin Fiala.
18:41 of 3rd period - Stopped by Marek Mazanek with a rebound.
18:43 of 3rd period - Wrist shot by Julius Honka.
18:43 of 3rd period - Stopped by Marek Mazanek without a rebound.
18:44 of 3rd period - Michael Dal Colle wins face-off versus Tanner Richard in Eagles zone.
19:07 of 3rd period - Minor Penalty to Tyler Motte for Hooking.
19:08 of 3rd period - Frederik Gauthier wins face-off versus Daniel Carr in Eagles zone.
19:13 of 3rd period - Slapshot by Petter Granberg.
19:13 of 3rd period - Stopped by Marek Mazanek without a rebound.
19:14 of 3rd period - Daniel Carr wins face-off versus Frederik Gauthier in Eagles zone.
19:14 of 3rd period - Daniel Carr is hit by Andrew Mangiapane.
19:28 of 3rd period - Snap shot by Petter Granberg.
19:28 of 3rd period - Stopped by Marek Mazanek with a rebound.
19:30 of 3rd period - Wrist shot by Frederik Gauthier.
19:30 of 3rd period - Goal by Frederik Gauthier - Eagles : 1 - Icehogs : 4.
19:31 of 3rd period - Frederik Gauthier wins face-off versus Matteson Iacopelli in neutral zone.
19:38 of 3rd period - Minor Penalty to Ben Harpur for Unsportsmanlike conduct.
19:39 of 3rd period - Frederik Gauthier wins face-off versus Jonathan Marchessault in Icehogs zone.
Goals for this period are 1 for Eagles vs 3 for Icehogs.
Shots for this period are 14 for Eagles vs 13 for Icehogs.